 Dungeon Crawl Stone Soup version 0.21-a0-510-g5070ee8bc0 (webtiles) character file.

115 Kaname the Conjurer (level 4, -1/30 HPs)
             Began as a Demonspawn Wizard on Dec 1, 2017.
             Killed by nerve-wracking pain
             ... invoked by a shadow imp
              (12 damage)
             ... on level 3 of the Dungeon.
             The game lasted 00:06:05 (2093 turns).

Kaname the Conjurer (Demonspawn Wizard)             Turns: 2093, Time: 00:06:06

Health: -1/30      AC:  3    Str:  8    XL:     4   Next: 68%
Magic:  0/8        EV: 12    Int: 20    God:
Gold:   93         SH:  0    Dex: 11    Spells: 0/9 levels left

rFire    . . .     SeeInvis .   p - +0 dagger (drain)
rCold    . . .     Gourm    .   (no shield)
rNeg     . . .     Faith    .   a - +0 robe
rPois    .         Spirit   .   b - +0 hat
rElec    .         Reflect  .   (no cloak)
rCorr    .         Harm     .   j - +0 pair of gloves
MR       .....                  (no boots)
Stlth    ++........             (no amulet)
HPRegen  0.10/turn              (no ring)
MPRegen  0.11/turn              (no ring)

@: no status effects
A: horns 2
a: no special abilities


You were on level 3 of the Dungeon.
You were not hungry.

You visited 1 branch of the dungeon, and saw 3 of its levels.

You collected 93 gold pieces.

Inventory:

Hand Weapons
 p - a +0 dagger of draining (weapon)
 q - a +0 trident
Missiles
 g - 2 tomahawks (quivered)
Armour
 a - a +0 robe (worn)
 b - a +0 hat (worn)
 j - a +0 pair of gloves (worn)
Scrolls
 i - a scroll of fog {unknown}
 k - a scroll of amnesia {unknown}
 l - a scroll of remove curse {unknown}
 n - 3 scrolls of teleportation {unknown}
 r - a scroll of enchant weapon {unknown}
 s - a scroll of immolation {unknown}
 u - a scroll of blinking {unknown}
Potions
 e - a potion of mutation {unknown}
 h - a potion of resistance {unknown}
 m - a potion of brilliance {unknown}
 v - a potion of cancellation {unknown}
 w - a potion of curing {unknown}
Books
 x - a book of Misfortune

   Spells                             Type                      Level
   a - Confusing Touch                Hexes                        1
   b - Confuse                        Hexes                        3
   c - Gell's Gravitas                Translocation                3
   d - Petrify                        Transmutation/Earth          4
   e - Metabolic Englaciation         Hexes/Ice                    5
   f - Yara's Violent Unravelling     Hexes/Transmutation          5
Comestibles
 d - a bread ration
 f - 9 fruits
 o - 2 royal jellies
 t - a meat ration


   Skills:
 - Level 1.7 Dodging
 - Level 1.7 Stealth
 - Level 3.0 Spellcasting
 + Level 4.0 Conjurations
   Level 1.0 Summonings
 - Level 1.0 Translocations
 - Level 1.0 Air Magic
 - Level 1.0 Poison Magic


You couldn't memorise any spells.
You knew the following spells:

 Your Spells              Type           Power        Failure   Level  Hunger
a - Magic Dart            Conj           ###.         2%          1    None
b - Blink                 Tloc           N/A          14%         2    ##.....
c - Mephitic Cloud        Conj/Pois/Air  ##......     19%         3    ###....
d - Conjure Flame         Conj/Fire      ##......     19%         3    ###....


Dungeon Overview and Level Annotations

Branches:
Dungeon (3/15)

Altars:
Dithmenos
Sif Muna
Uskayaw
Yredelemnul


Innate Abilities, Weirdness & Mutations

You have a pair of horns on your head.


Message History

The shadow imp is severely wounded.
The shadow imp gestures at you. Pain shoots through your body!
Casting: Magic Dart
Confirm with . or Enter, or press ? or * to list all spells.
Aiming: Magic Dart
Press: ? - help, Shift-Dir - straight line, f/p - shadow imp
Aim: a shadow imp (severely wounded)
The magic dart hits the shadow imp.
The shadow imp is severely wounded.
The shadow imp barely misses you.
You closely miss the shadow imp. Your headbutt misses the shadow imp.
The shadow imp is severely wounded.
The shadow imp disappears for a moment.
The shadow imp barely misses you.
You hit the shadow imp but do no damage.
The shadow imp is severely wounded.
The shadow imp gestures at you. Pain shoots through your body!
You die...

#.8.8.#.#.8.8.#.#
##...##.##...##.#
#####...######.# #5.##
#..# #.## #.##
#.#######.#
#...5(....#
#.#####5### #.#####@##
####.##.....########
##.##.##.#.#........#
##.#.#.##.#...######.#
##.###...†....## #.#
##.#####..###.## #.#
#.###.....# #.#
##.######
##.##.....###.#####
#....<..#
#####.#.#.#.........#
#..#.##.#


You could see a shadow imp.

Vanquished Creatures
  Terence (D:3)
  3 adders (D:3)
  5 dart slugs
  3 leopard geckos (D:2)
  4 orcs (D:3)
  A giant cockroach (D:1)
  5 goblins
  2 hobgoblins
  A quokka (D:3)
  4 ball pythons
  5 bats
  7 frilled lizards
  6 kobolds
  6 rats
53 creatures vanquished.

Notes
Turn   | Place    | Note
-------+----------+-------------------------------------------
     0 | D:1      | Kaname the Demonspawn Wizard began the quest for the Orb.
     0 | D:1      | Reached XP level 1. HP: 13/13 MP: 4/4
   206 | D:1      | Reached skill level 2 in Conjurations
   239 | D:1      | Gained mutation: You have a pair of small horns on your head. [demonic ancestry]
   239 | D:1      | Reached XP level 2. HP: 19/19 MP: 0/6
   243 | D:1      | Learned a level 2 spell: Blink
  1156 | D:2      | Reached skill level 3 in Conjurations
  1168 | D:2      | Gained mutation: You have a pair of horns on your head. [demonic ancestry]
  1168 | D:2      | Reached XP level 3. HP: 21/24 MP: 2/7
  1173 | D:2      | Learned a level 3 spell: Mephitic Cloud
  1213 | D:2      | Reached skill level 1 in Translocations
  1520 | D:2      | Reached skill level 1 in Air Magic
  1739 | D:3      | Noticed Terence
  1785 | D:3      | Killed Terence
  1785 | D:3      | Reached XP level 4. HP: 30/30 MP: 2/8
  1792 | D:3      | Learned a level 3 spell: Conjure Flame
  1855 | D:3      | Reached skill level 1 in Poison Magic
  1987 | D:3      | Found a shadowy altar of Dithmenos.
  1990 | D:3      | Found a hide-covered altar of Uskayaw.
  1993 | D:3      | Found a basalt altar of Yredelemnul.
  1996 | D:3      | Found a deep blue altar of Sif Muna.
  2038 | D:3      | Reached skill level 4 in Conjurations
  2093 | D:3      | Killed from afar by a shadow imp

Vault maps used:
D:1:      kennysheep_arrival_seaside, minmay_hexomino_u4
D:2:      minmay_lizard_king
D:3:      grunt_temple_overflow_cloverleaf, first_bread, uniq_terence, uniq_ijyb

Skill      XL: |  1  2  3  4 |
---------------+-------------+-----
Conjurations   | 2 3 4 |  4.0
Translocations | 1 |  1.0
Air Magic      | 1 |  1.0
Poison Magic   | 1 |  1.0
Dodging        | |  1.7
Stealth        | |  1.7
Spellcasting   | |  3.0
Summonings     | |  1.0

Action                   |  1- 3 |  4- 6 || total
-------------------------+-------+-------++-------
Melee: Spear             |    50 |       ||    50
       Trident           |    32 |       ||    32
       Dagger            |     8 |    27 ||    35
       Headbutt          |     3 |     2 ||     5
 Cast: Magic Dart        |    55 |    21 ||    76
       Mephitic Cloud    |     1 |       ||     1
 Stab: Sleeping          |     2 |     1 ||     3
  Eat: Chunk             |     2 |     2 ||     4
Armor: Robe              |    14 |     5 ||    19
Dodge: Dodged            |    62 |     9 ||    71

Table legend:
 A = Spawn XP
 B = Non-spawn XP
 C = Spawn XP percentage of total XP
 D = Spawn monster count
 E = Non-spawn monster count
 F = Spawn count percentage of total count
 G = Total turns spent on level
                    A         B        C        D         E        F      G
               +---------+---------+-------+---------+---------+-------+---------
         Total |       0 |     165 |   0.0 |       0 |      53 |   0.0 |  2093
               +---------+---------+-------+---------+---------+-------+---------
           D:1 |       0 |      30 |   0.0 |       0 |      18 |   0.0 |  1051
           D:2 |       0 |      36 |   0.0 |       0 |      19 |   0.0 |   683
           D:3 |       0 |      99 |   0.0 |       0 |      16 |   0.0 |   359
               +---------+---------+-------+---------+---------+-------+---------
